 Dungeon Crawl Stone Soup version 0.19-a0-994-g3c636f0 (webtiles) character file.

530354 mrath the Bludgeoner (level 24, -23/224 HPs)
             Began as a Minotaur Fighter on July 14, 2016.
             Was a High Priest of Okawaru.
             Killed from afar by a deep elf high priest (27 damage)
             ... with damnation
             ... on level 3 of the Elven Halls on July 15, 2016.
             The game lasted 07:52:18 (76632 turns).

mrath the Bludgeoner (Minotaur Fighter)            Turns: 76632, Time: 07:52:19

Health: -23/224    AC: 44    Str: 33    XL:     24   Next: 94%
Magic:  33/33      EV: 30    Int:  5    God:    Okawaru [*****.]
Gold:   2290       SH: 22    Dex: 21    Spells: 0 memorised, 23 levels left

rFire  . . .     SeeInvis +     X - +6 eveningstar (elec)
rCold  + . .     Gourm    .     z - +12 plate armour of Kiyn {rN+ MR+}
rNeg   + . .     Faith    .     a - +0 shield {rPois}
rPois  +         Spirit   .     S - +2 hat
rElec  .         Dismiss  .     o - +2 cloak {MR+}
rCorr  .         Reflect  +     V - +1 pair of gloves {Str+3}
SustAt .         Harm     .     u - +0 pair of boots
MR     +++..                    y - +2 amulet of reflection
Stlth  ..........               T - ring of see invisible
                                H - ring "Tetaf" {*Drain rC+ EV+3 Dex+8}

@: heroism, extremely resistant to hostile enchantments, extremely unstealthy
A: retaliatory headbutt, horns 2
a: Heroism, Finesse, Renounce Religion
}: 2/15 runes: decaying, serpentine


You were on level 3 of the Elven Halls.
You worshipped Okawaru.
Okawaru was extremely pleased with you.
You were not hungry.

You visited 9 branches of the dungeon, and saw 44 of its levels.
You also visited: Volcano.

You collected 4953 gold pieces.
You spent 2663 gold pieces at shops.

Inventory:

Hand Weapons
 X - a +6 eveningstar of electrocution (weapon)
Missiles
 j - 5 silver javelins
 n - 3 needles of confusion
 r - 3 poisoned javelins (quivered)
 s - 4 javelins of penetration
Armour
 a - a +0 shield of poison resistance (worn)
 o - a +2 cloak of magic resistance (worn)
 u - a +0 pair of boots (worn)
 z - the +12 plate armour of Kiyn (worn) {rN+ MR+}
   (You bought it in a shop on level 2 of the Orcish Mines)

   It protects you from negative energy.
   It affects your resistance to hostile enchantments.
 S - a +2 hat (worn)
 V - a +1 pair of gloves of strength (worn)
Jewellery
 y - a +2 amulet of reflection (around neck)
 H - the ring "Tetaf" (left hand) {*Drain rC+ EV+3 Dex+8}
   (You bought it in a shop on level 2 of the Orcish Mines)

   [ring of evasion]

   It affects your evasion (+3).
   It affects your dexterity (+8).
   It protects you from cold.
   It causes draining when unequipped.
 T - a ring of see invisible (right hand)
Wands
 c - a wand of lightning (3/15)
 e - a wand of disintegration (15/24)
 I - a wand of hasting (4/9)
 J - a wand of iceblast (5/15)
 P - a wand of teleportation (5/9)
 U - a wand of digging (9/24)
 W - a wand of acid (11/15)
Scrolls
 f - 3 scrolls of fear
 g - a scroll of recharging
 i - 3 scrolls of identify
 k - 12 scrolls of remove curse
 p - 10 scrolls of teleportation
 w - 5 scrolls of magic mapping
 F - 12 scrolls of blinking
 L - 3 scrolls of fog
Potions
 b - 2 potions of resistance
 h - a potion of might
 l - 6 potions of cure mutation
 m - 5 potions of cancellation
 q - 16 potions of heal wounds
 v - 2 potions of berserk rage
 C - 10 potions of curing
 D - 7 potions of flight
 K - 3 potions of haste
Miscellaneous
 x - a fan of gales
 B - a phial of floods
 N - a lamp of fire (inert)
Comestibles
 d - 4 chunks of flesh
 t - 10 beef jerkies
 O - 11 fruits


   Skills:
 + Level 20.0(25.0) Fighting
 + Level 20.2(25.2) Maces & Flails
 + Level 13.2(18.2) Throwing
 + Level 19.8(24.8) Armour
 + Level 18.4(23.4) Dodging
 + Level 19.7(24.7) Shields
 - Level 9.8 Invocations
 + Level 15.8 Evocations


You had 23 spell levels left.
You didn't know any spells.

Dungeon Overview and Level Annotations

Branches:
Dungeon (15/15)            Temple (1/1) D:5            Lair (6/6) D:11
  Swamp (4/4) Lair:2        Snake (4/4) Lair:4        Slime (0/5) Lair:6
    Orc (2/2) D:10            Elf (3/3) Orc:2        Vaults (4/5) D:14
  Crypt (0/3) Vaults:2     Depths (5/5) D:15            Zot (0/5) Depths:5

Altars:
Ashenzari
Cheibriados
Dithmenos
Elyvilon
Fedhas
Gozag
Hepliaklqana
Kikubaaqudgha
Makhleb
Nemelex Xobeh
Okawaru
Pakellas
Qazlal
Ru
Sif Muna
Trog
Uskayaw
Vehumet
Xom
Yredelemnul
Zin
The Shining One
Beogh
Jiyva

Shops:
D:9 (*(   D:11 %   Orc:2 *(=[   Elf:1 *   Snake:2 =}}   Snake:4 *
Vaults:1 !?(   Vaults:4 *

Portals:
Hell: Depths:1 Depths:2 Depths:3 Depths:4 Depths:5
Abyss: Depths:4
Pandemonium: Depths:1 Depths:3
Ziggurat: Depths:1

Annotations:
Vaults:4 exclusion: obsidian statue


Innate Abilities, Weirdness & Mutations

You reflexively headbutt those who attack you in melee.
You have a pair of horns on your head.


Message History

Something smites you!
* * * LOW HITPOINT WARNING * * *
The deep elf demonologist mumbles some strange words.
You skewer the deep elf demonologist like a kebab!!!
You kill the deep elf demonologist!
Okawaru accepts your kill.
The hellwing disappears in a puff of smoke!
The blizzard demon disappears in a puff of smoke!
The orange demon disappears in a puff of smoke! x2
The Tzitzimitl disappears in a puff of smoke!
The tormentor disappears in a puff of smoke!
The deep elf high priest unwields an uncursed morningstar of holy wrath.
It stops glowing.
The deep elf high priest wields a shortbow.
The deep elf high priest shoots an arrow.
You reflect the arrow off an invisible shield around you!
The arrow closely misses the deep elf high priest.
The deep elf high priest invokes the aid of its god against you.
The sphere of damnation explodes!
The damnation engulfs you!
You die...

#....)..# ####*
###...(...# ###...###
#.......(.# #.......#
#.........# #<......#
#........## #.......'
###....### #......[#
#§§ee# #.......' #.§§##
###...### #§)@# ####* #
###'.## ##.....## ###
##.......## #.#
##.........## #####.##
#.....).....#####......#
#...........##.##......#
#..........)()....'.....
#.........)(####........


You could see 2 deep elf high priests.

Vanquished Creatures
  A juggernaut (Depths:5)
  Mennas (Depths:4)
  3 caustic shrikes
  Margery (Vaults:2)
  the Enchantress (Depths:5)
  A bone dragon (Depths:5)
  4 tentacled monstrosities
  5 liches
  Asterion (Depths:1)
  2 deep elf blademasters
  2 deep elf master archers (Elf:3)
  2 titans
  6 sphinxes
  3 storm dragons
  Donald (Swamp:1)
  Kirke (Elf:1)
  A shadow dragon (Vaults:3)
  A draconian monk (Depths:5)
  The ghost of MordorOrchid the Severer, an adept FoFi of Qazlal (Elf:2)
  4 tengu reavers
  Roxanne (Swamp:4)
  9 greater nagas
  3 iron dragons
  4 fire giants
  Louise (Elf:1)
  13 frost giants
  5 orc warlords
  7 deep elf sorcerers (Elf:3)
  2 ghost moths (Depths:3)
  2 draconian scorchers (Depths:5)
  15 vault wardens
  A caustic shrike zombie (Depths:4)
  The ghost of Amnesiac the Eclecticist, a journeyman TeCj of Vehumet (Elf:3)
  A balrug (Depths:1)
  5 spriggan defenders
  A deep elf elementalist (Elf:3)
  A ghoul (Vaults:2)
  14 ironheart preservers
  2 war gargoyles (Depths:3)
  10 stone giants
  21 very ugly things
  A stone giant (shapeshifter) (D:14)
  An entropy weaver (Vaults:1)
  7 deep elf demonologists
  3 lorocyprocas (Depths:3)
  A green draconian (Depths:5)
  12 deep elf annihilators
  3 purple draconians (Depths:5)
  2 yellow draconians (Depths:5)
  8 spark wasps
  A dire elephant (D:15)
  3 crystal guardians
  5 deep elf death magi (Elf:3)
  12 fire dragons
  14 yaktaur captains
  11 ettins
  4 jiangshi (Depths:2)
  12 great orbs of eyes
  9 vault guards
  An ice dragon (shapeshifter) (Depths:3)
  3 deep elf high priests
  A rakshasa (Depths:3)
  23 naga warriors
  A juggernaut simulacrum (Depths:3)
  17 hydras
  10 ice dragons
  9 spriggan air magi
  2 death knights
  12 ogre magi
  14 centaur warriors
  18 anacondas
  3 deep troll shamans
  35 dancing weapons
  6 alligators
  6 death yaks
  8 deep troll earth magi
  11 shock serpents
  18 naga sharpshooters
  3 tengu warriors (Depths:4)
  2 orc high priests
  2 spriggan berserkers (Depths:5)
  3 vampire magi (Depths:2)
  A sun demon (Depths:1)
  A titan zombie (Depths:4)
  A fire crab (Lair:5)
  20 deep elf knights
  6 hell knights
  8 salamander mystics
  A fire crab (shapeshifter) (Depths:3)
  2 unseen horrors
  An iron troll (Depths:3)
  9 skeletal warriors
  5 spriggan druids
  16 deep trolls
  12 swamp dragons
  11 naga ritualists
  2 unseen horrors (shapeshifter)
  6 hill giants
  2 giant orange brains
  Pikel (D:6)
  4 lindwurms
  3 shambling mangroves
  3 necromancers
  A golden dragon skeleton (Depths:4)
  15 deep elf archers
  17 ironbrand convokers
  71 deep elf magi
  4 wizards
  A frost giant zombie (Depths:4)
  10 harpies (Vaults:3)
  3 wolf spiders
  A phantasmal warrior (Vaults:2)
  9 griffons
  7 orc sorcerers
  2 hornets
  5 mana vipers
  A human zombie (Vaults:2)
  13 orc knights
  A hornet (shapeshifter) (D:14)
  37 ugly things
  A manticore (D:15)
  3 cyclopes
  5 centaur zombies
  A salamander (shapeshifter) (Depths:2)
  An octopode (shapeshifter) (Vaults:4)
  18 salamanders
  4 elephants (Lair:5)
  A sixfirhy (Depths:1)
  49 black mambas
  A stone giant skeleton (Vaults:2)
  6 guardian serpents
  11 vault sentinels
  An orange demon (Depths:1)
  An eye of devastation (shapeshifter) (Depths:4)
  A torpor snail (shapeshifter) (Depths:1)
  Psyche (D:8)
  32 naga magi
  A torpor snail (Lair:5)
  12 spiny frogs
  The ghost of Sapher the Chopper, a novice DsSk of Okawaru (D:6)
  A spriggan skeleton (Depths:4)
  3 komodo dragons
  A komodo dragon (shapeshifter) (Depths:1)
  An efreet (D:15)
  A rime drake (Lair:2)
  36 yaktaurs
  7 freezing wraiths
  3 tengu conjurers
  A redback zombie (D:15)
  A tengu simulacrum (Vaults:2)
  8 trolls
  A jumping spider (shapeshifter) (Depths:2)
  14 two-headed ogres
  2 polar bears (shapeshifter)
  2 polar bears (Lair:6)
  A troll (shapeshifter) (D:14)
  2 giant leeches
  4 bog bodies (Swamp:3)
  A two-headed ogre (shapeshifter) (Vaults:2)
  A harpy skeleton (D:14)
  16 blink frogs
  A meliai zombie (D:10)
  28 slime creatures
  3 boulder beetles
  2 human simulacra (Vaults:3)
  2 flying skulls (Volcano)
  19 spriggans
  5 shadows
  4 vampires
  A spriggan (shapeshifter) (Vaults:4)
  4 wraiths
  A wyvern (Lair:5)
  45 yaks
  7 air elementals
  A redback (Lair:6)
  4 basilisks
  5 water elementals
  Eustachio (D:4)
  2 humans
  Grum (D:9)
  23 vampire mosquitoes
  A human (shapeshifter) (Depths:1)
  5 fire elementals
  A neqoxec (Depths:1)
  11 hippogriffs
  3 hungry ghosts
  56 nagas
  4 mottled dragons
  5 wargs
  A mottled dragon (shapeshifter) (Vaults:4)
  7 insubstantial wisps
  2 soldier ants (shapeshifter) (Depths:4)
  A harpy simulacrum (Depths:3)
  Edmund (D:5)
  Menkaure (D:5)
  A soldier ant (D:11)
  A swamp worm (shapeshifter) (Vaults:2)
  23 swamp worms
  11 water moccasins
  5 porcupines
  A hell hound (shapeshifter) (Depths:4)
  Duvessa (D:7)
  3 sky beasts
  2 giant eyeballs
  14 swamp drakes
  36 orc warriors
  12 ice beasts
  5 phantoms
  5 black bears (Lair:6)
  2 necrophages
  11 wasps
  36 wolves
  49 ogres
  7 boggarts
  15 centaurs
  18 crocodiles
  2 big kobolds
  16 giant frogs
  A wyvern zombie (D:8)
  3 earth elementals
  A gnoll sergeant (D:13)
  Dowan (D:7)
  2 scorpions
  4 killer bees (D:12)
  3 vampire bats (D:4)
  13 wights
  2 electric eels (Lair:2)
  3 howler monkeys
  8 crimson imps
  A quasit (D:8)
  A giant frog zombie (D:6)
  9 hounds
  31 orc wizards
  19 orc priests
  6 iguanas
  4 jellies
  4 centaur skeletons
  A giant frog skeleton (D:12)
  14 worker ants
  Natasha (thrice) (D:2)
  21 sheep
  3 hound skeletons
  A howler monkey zombie (D:10)
  A mummy (Volcano)
  2 worker ant zombies
  38 river rats
  16 adders
  6 gnolls
  4 shadow imps
  2 oozes (D:3)
  An adder zombie (D:8)
  3 adder skeletons
  6 worms
  4 dart slugs
  4 giant geckos
  90 orcs
  3 bat skeletons (D:4)
  2 bat zombies (D:4)
  4 giant cockroaches
  4 goblins
  3 hobgoblins
  15 jackals
  20 kobolds
  3 quokkas
  3 ball pythons
  8 bats
  7 giant newts
  9 rats
  2 crawling corpses (Elf:3)
2002 creatures vanquished.

Vanquished Creatures (others)
  2 stone giants
  Nessos (Lair:5)
  A merfolk javelineer (Depths:1)
  2 centaur warriors
  A deep elf knight (Elf:2)
  2 naga sharpshooters
  A shadow wraith (Vaults:3)
  A naga ritualist (Snake:4)
  2 deep elf archers (Elf:2)
  A deep elf mage (Elf:2)
  A cyclops (D:15)
  17 yaktaurs
  A human (Elf:1)
  A naga (Snake:3)
  An orc warrior (D:14)
  A slave (D:7)
  An ogre (Vaults:2)
  5 centaurs
  A giant frog (D:7)
  10 fungi
  11 plants
64 creatures vanquished.

Grand Total: 2066 creatures vanquished

Notes
Turn   | Place    | Note
-------+----------+-------------------------------------------
     0 | D:1      | mrath the Minotaur Fighter began the quest for the Orb.
     0 | D:1      | Reached XP level 1. HP: 19/19 MP: 0/0
   325 | D:1      | Reached XP level 2. HP: 26/26 MP: 1/1
   897 | D:2      | Reached XP level 3. HP: 31/31 MP: 2/2
  1081 | D:2      | Found a glowing golden altar of the Shining One.
  1291 | D:2      | Reached skill level 5 in Maces & Flails
  1322 | D:2      | Reached XP level 4. HP: 35/39 MP: 3/3
  1546 | D:2      | Noticed Natasha
  1554 | D:2      | Killed Natasha
  1664 | D:2      | Noticed Natasha
  1680 | D:2      | Killed Natasha
  2041 | D:2      | Noticed Natasha
  2047 | D:2      | Killed Natasha
  2047 | D:2      | Reached skill level 1 in Dodging
  2047 | D:2      | Reached XP level 5. HP: 43/46 MP: 4/4
  2091 | D:3      | Found an oddly glowing altar of Pakellas.
  3180 | D:4      | Reached XP level 6. HP: 48/53 MP: 5/5
  3248 | D:4      | Reached skill level 1 in Evocations
  3376 | D:4      | Found a sacrificial altar of Ru.
  3461 | D:4      | Noticed Eustachio
  3729 | D:4      | Killed Eustachio
  3729 | D:4      | Reached skill level 5 in Armour
  3729 | D:4      | Reached XP level 7. HP: 56/60 MP: 7/7
  3753 | D:4      | Reached skill level 5 in Fighting
  4261 | D:4      | Found an ancient bone altar of Kikubaaqudgha.
  4266 | D:4      | Reached skill level 5 in Shields
  4342 | D:5      | Entered Level 5 of the Dungeon
  4556 | D:5      | Noticed Menkaure
  4561 | D:5      | Killed Menkaure
  4561 | D:5      | Reached XP level 8. HP: 61/69 MP: 8/8
  4866 | D:5      | Found a staircase to the Ecumenical Temple.
  4880 | Temple   | Entered the Ecumenical Temple
  4887 | Temple   | Became a worshipper of Warmaster Okawaru
  5040 | D:5      | Noticed Edmund
  5050 | D:5      | Killed Edmund
  5434 | D:6      | Reached * piety under Okawaru
  5963 | D:6      | Reached XP level 9. HP: 78/78 MP: 10/10
  6000 | D:6      | Reached skill level 5 in Dodging
  6162 | D:6      | Found a shadowy altar of Dithmenos.
  6342 | D:6      | Noticed Sapher's ghost (novice DsSk)
  6363 | D:6      | Killed Sapher's ghost
  6363 | D:6      | Reached ** piety under Okawaru
  6831 | D:7      | Noticed Pikel
  6842 | D:6      | Killed Pikel
  6842 | D:6      | Reached skill level 1 in Invocations
  6891 | D:7      | Noticed a troll
  6907 | D:7      | Killed a troll
  7255 | D:7      | Noticed Duvessa
  7256 | D:7      | Noticed Dowan
  7276 | D:7      | Killed Duvessa
  7298 | D:7      | Killed Dowan
  7435 | D:7      | Reached XP level 10. HP: 83/86 MP: 12/12
  7766 | D:8      | Reached *** piety under Okawaru
  8020 | D:8      | Reached skill level 5 in Evocations
  8391 | D:8      | Found a blossoming altar of Fedhas.
  8391 | D:8      | Found a hide-covered altar of Uskayaw.
  8394 | D:8      | Found a basalt altar of Yredelemnul.
  8398 | D:8      | Noticed Psyche
  8405 | D:8      | Killed Psyche
  8597 | D:8      | Found a shattered altar of Ashenzari.
  8599 | D:8      | Found a shadowy altar of Dithmenos.
  8942 | D:9      | Found Ewniuni's Assorted Antiques.
  9015 | D:9      | Found a shimmering altar of Xom.
  9521 | D:9      | Found Cywosaof's Weapon Boutique.
  9771 | D:9      | Noticed Grum
  9796 | D:9      | Killed Grum
  9892 | D:9      | Found Suvoebl Ogeo's Weapon Shoppe.
 10056 | D:10     | Entered Level 10 of the Dungeon
 10095 | D:9      | Reached **** piety under Okawaru
 10146 | D:9      | Paralysed by fainting for 8 turns
 10314 | D:10     | Found a staircase to the Orcish Mines.
 10410 | D:10     | Reached XP level 11. HP: 86/95 MP: 11/14
 10806 | D:11     | Noticed a five-headed hydra
 10818 | D:11     | Killed a five-headed hydra
 10818 | D:11     | Received a gift from Okawaru
 10837 | D:11     | Noticed an unseen horror
 10844 | D:11     | Killed an unseen horror
 11085 | D:11     | Noticed a hill giant
 11086 | D:11     | Found Loffaewi's Food Shop.
 11095 | D:11     | Killed a hill giant
 11095 | D:11     | Reached skill level 10 in Maces & Flails
 11704 | D:11     | Found a staircase to the Lair.
 11764 | D:11     | Reached ***** piety under Okawaru
 11991 | Lair:1   | Entered Level 1 of the Lair of Beasts
 12224 | Lair:1   | Reached skill level 5 in Invocations
 13465 | Lair:2   | Reached XP level 12. HP: 96/106 MP: 14/16
 13669 | Lair:2   | Received a gift from Okawaru
 13669 | Lair:2   | Reached skill level 10 in Armour
 13670 | Lair:2   | Got a slimy mace {god gift}
 13672 | Lair:2   | Identified the +8 mace of Defenestration {crush, *Drain rElec MP+9 Int+3} (Okawaru gifted it to you on level 2 of the Lair of Beasts)
 14074 | Lair:2   | Reached skill level 10 in Fighting
 14080 | Lair:2   | Found a staircase to the Swamp.
 15159 | Lair:3   | Noticed a four-headed hydra
 15169 | Lair:3   | Killed a four-headed hydra
 15169 | Lair:3   | Reached skill level 10 in Shields
 16146 | Lair:4   | Found a staircase to the Snake Pit.
 16428 | Lair:4   | Received a gift from Okawaru
 17113 | Lair:4   | Noticed a five-headed hydra
 17123 | Lair:4   | Killed a five-headed hydra
 17903 | Lair:5   | Reached XP level 13. HP: 104/115 MP: 10/17
 18161 | Lair:5   | Noticed Nessos
 18174 | Lair:5   | Killed Nessos
 19253 | Lair:6   | Entered Level 6 of the Lair of Beasts
 19491 | Lair:6   | Found a staircase to the Slime Pits.
 19491 | Lair:6   | Found a viscous altar of Jiyva.
 19505 | Lair:6   | Found a labyrinth entrance.
 20003 | Lair:5   | Reached skill level 10 in Dodging
 20723 | Lair:6   | Identified The Foundations of Spellcraft
 21718 | D:12     | Reached XP level 14. HP: 125/125 MP: 19/19
 22120 | D:12     | Received a gift from Okawaru
 22121 | D:12     | Got a distressingly furry chain mail {god gift}
 22123 | D:12     | Identified the +8 chain mail of Mapluwea {*Contam rC+ Str+3} (Okawaru gifted it to you on level 12 of the Dungeon)
 23549 | D:14     | Identified a scroll of acquirement
 24784 | D:14     | Noticed an emperor scorpion
 24785 | D:14     | Noticed a stone giant
 24785 | D:14     | an emperor scorpion changed into a stone giant
 24811 | D:14     | Killed a stone giant
 24811 | D:14     | Received a gift from Okawaru
 25499 | D:14     | Found a gate to the Vaults.
 25673 | D:15     | Entered Level 15 of the Dungeon
 25815 | D:15     | Found a stormy altar of Qazlal.
 25923 | D:15     | Reached XP level 15. HP: 118/134 MP: 21/21
 26057 | D:15     | Found a staircase to the Depths.
 27406 | Swamp:1  | Entered Level 1 of the Swamp
 27779 | Swamp:1  | Noticed Donald
 27802 | Swamp:1  | Killed Donald
 28377 | Swamp:1  | Received a gift from Okawaru
 29724 | Swamp:2  | Reached skill level 10 in Evocations
 31335 | Swamp:4  | Entered Level 4 of the Swamp
 31453 | Swamp:4  | Received a gift from Okawaru
 31721 | Swamp:4  | Reached XP level 16. HP: 99/145 MP: 17/22
 32737 | Swamp:4  | Noticed Roxanne
 32777 | Swamp:4  | Got a decaying rune of Zot
 33043 | Swamp:4  | Killed Roxanne
 33347 | Snake:1  | Entered Level 1 of the Snake Pit
 33367 | Snake:1  | Got a crude hunting sling
 35688 | Snake:2  | Received a gift from Okawaru
 36564 | Snake:2  | Found Deisif's Gadget Boutique.
 36565 | Snake:2  | Found Neiptou's Jewellery Emporium.
 36566 | Snake:2  | Found Qiug's Gadget Boutique.
 37404 | Snake:3  | Found a shattered altar of Ashenzari.
 37450 | Snake:3  | Received a gift from Okawaru
 37516 | Snake:3  | Reached XP level 17. HP: 146/154 MP: 15/24
 38595 | Snake:4  | Entered Level 4 of the Snake Pit
 38674 | Snake:4  | Reached skill level 1 in Throwing
 38850 | Snake:4  | Reached skill level 15 in Maces & Flails
 38998 | Snake:4  | Reached skill level 15 in Fighting
 39410 | Snake:4  | Found Lcickar's Luxury Loot.
 39884 | Orc:1    | Entered Level 1 of the Orcish Mines
 40152 | Orc:1    | Paralysed by an orc sorcerer for 4 turns
 40912 | Orc:2    | Entered Level 2 of the Orcish Mines
 40926 | Orc:2    | Found a roughly hewn altar of Beogh.
 41006 | Orc:2    | Found Habruxko's Jewellery Shop.
 41012 | Orc:2    | Found a staircase to the Elven Halls.
 41112 | Orc:2    | Found a dark tunnel.
 41139 | Volcano  | Entered a volcano
 41546 | Orc:2    | Reached skill level 15 in Shields
 41604 | Orc:1    | Reached skill level 15 in Armour
 41871 | Orc:2    | Found a roughly hewn altar of Beogh.
 41892 | Orc:2    | Found Mudumn's General Store.
 41936 | Orc:2    | Bought a scroll of identify for 34 gold pieces
 41959 | Orc:2    | Found Joptaig's Antique Weapon Emporium.
 42085 | Orc:2    | Found Kojaet's Antique Armour Emporium.
 42099 | Orc:2    | Bought a pair of embroidered gloves for 103 gold pieces
 42099 | Orc:2    | Bought a shimmering plate armour for 644 gold pieces
 42116 | Orc:2    | Identified the +12 plate armour of Kiyn {rN+ MR+} (You bought it in a shop on level 2 of the Orcish Mines)
 42196 | Orc:2    | Found Qeodasin's Jewellery Emporium.
 44345 | Snake:4  | Received a gift from Okawaru
 44697 | Snake:4  | Reached XP level 18. HP: 153/163 MP: 25/25
 45047 | Snake:4  | Received a gift from Okawaru
 45889 | Snake:4  | Reached skill level 5 in Throwing
 46688 | Snake:4  | Received a gift from Okawaru
 46694 | Snake:4  | Got a serpentine rune of Zot
 47275 | Lair:2   | Reached XP level 19. HP: 172/172 MP: 27/27
 47409 | Elf:1    | Entered Level 1 of the Elven Halls
 47447 | Elf:1    | Received a gift from Okawaru
 47611 | Elf:1    | Noticed Louise
 47624 | Elf:1    | Killed Louise
 47810 | Elf:1    | Noticed Kirke
 47818 | Elf:1    | Killed Kirke
 47960 | Elf:1    | Received a gift from Okawaru
 48192 | Elf:1    | Found Saqam's General Store.
 48627 | Elf:1    | Identified Sif Muna's Collected Works on Ashen Evil
 49627 | Elf:2    | Reached XP level 20. HP: 181/182 MP: 20/28
 49629 | Elf:2    | Received a gift from Okawaru
 50501 | Elf:2    | Found a runed gate.
 50501 | Elf:2    | Found a runed gate.
 50502 | Elf:2    | Found a runed gate.
 51299 | Elf:2    | Noticed MordorOrchid's ghost (adept FoFi)
 51331 | Elf:2    | Killed MordorOrchid's ghost
 52345 | Vaults:1 | Entered Level 1 of the Vaults
 52364 | Vaults:1 | Found Ifyvef's Magic Scroll Boutique.
 52371 | Vaults:1 | Bought a scroll of enchant weapon for 142 gold pieces
 52385 | Vaults:1 | Found Temaull's Distillery.
 52484 | Vaults:1 | Reached skill level 15 in Dodging
 52755 | Vaults:1 | Found Qutusena's Weapon Boutique.
 53036 | Vaults:1 | Received a gift from Okawaru
 54084 | Vaults:1 | Received a gift from Okawaru
 54997 | Vaults:2 | Reached XP level 21. HP: 188/191 MP: 29/29
 55295 | Vaults:2 | Found a staircase to the Crypt.
 56024 | Vaults:2 | Noticed Margery
 56130 | Vaults:2 | Killed Margery
 56693 | Vaults:2 | Received a gift from Okawaru
 58013 | Vaults:3 | Received a gift from Okawaru
 58085 | Vaults:3 | Received a gift from Okawaru
 58937 | Lair:2   | Upgraded the game from 0.19-a0-981-gaae9137 to 0.19-a0-994-g3c636f0
 59230 | Vaults:3 | Received a gift from Okawaru
 59749 | Vaults:3 | Reached XP level 22. HP: 200/202 MP: 31/31
 59828 | Vaults:4 | Found Bakikeod's Assorted Antiques.
 60098 | Vaults:4 | Received a gift from Okawaru
 60375 | Vaults:4 | Reached skill level 10 in Throwing
 60608 | Vaults:4 | Received a gift from Okawaru
 61677 | Depths:1 | Entered Level 1 of the Depths
 61690 | Depths:1 | Found a gateway to a ziggurat.
 61691 | Depths:1 | Found a runed door.
 61867 | Depths:1 | Received a gift from Okawaru
 61868 | Depths:1 | Got a jewelled hand axe {god gift}
 62011 | Depths:1 | Noticed Asterion
 62033 | Depths:1 | Killed Asterion
 62180 | Depths:1 | Found a one-way gate leading to the halls of Pandemonium.
 62182 | Depths:1 | Gained mutation: You are dopey. (Int -2) [a neqoxec]
 62199 | Depths:1 | Found a gateway to Hell.
 62458 | Depths:1 | Identified the +3 hand axe "Pendulum" {venom, rN+ MP+9} (Okawaru gifted it to you on level 1 of the Depths)
 63093 | Depths:2 | Received a gift from Okawaru
 63189 | Depths:2 | Lost intelligence.
 63591 | Depths:2 | Received a gift from Okawaru
 64189 | Depths:2 | Received a gift from Okawaru
 65190 | Depths:2 | Lost mutation: You are dopey. (Int -2) [potion of cure mutation]
 65229 | Depths:2 | Received a gift from Okawaru
 65877 | Vaults:4 | Bought a distressingly furry plate armour for 1232 gold pieces
 65877 | Vaults:4 | Identified the +10 plate armour of Zoz Han {rPois Dex+3} (You bought it in a shop on level 4 of the Vaults)
 66567 | Depths:2 | Reached XP level 23. HP: 211/211 MP: 32/32
 68992 | Depths:3 | Received a gift from Okawaru
 69003 | Depths:3 | Got a spiked cloak {god gift}
 69014 | Depths:3 | Identified the +0 cloak "Ufosim" {rF+ Dex+2} (Okawaru gifted it to you on level 3 of the Depths)
 69503 | Orc:1    | Reached skill level 15 in Evocations
 69539 | Orc:2    | Bought the ring "Tetaf" {*Drain rC+ EV+3 Dex+8} for 508 gold pieces
 70520 | Depths:4 | Found a one-way gate to the infinite horrors of the Abyss.
 70783 | Depths:4 | Paralysed by a giant eyeball for 3 turns
 71665 | Depths:5 | Entered Level 5 of the Depths
 71706 | Depths:5 | Noticed the Enchantress
 71914 | Depths:5 | Killed the Enchantress
 71938 | Depths:5 | Got a faerie dragon armour
 72030 | Depths:4 | Identified the +4 faerie dragon armour {-Tele *Drain +Fly rN+++} (You took it off the Enchantress on level 5 of the Depths)
 72297 | Depths:5 | Found a basalt altar of Yredelemnul.
 72297 | Depths:5 | Noticed a caustic shrike
 72309 | Depths:5 | Killed a caustic shrike
 72309 | Depths:5 | Reached XP level 24. HP: 201/222 MP: 26/33
 72445 | Depths:5 | Noticed Mennas
 72509 | Depths:4 | Received a gift from Okawaru
 72934 | Depths:3 | Received a gift from Okawaru
 73011 | Depths:4 | Killed Mennas
 73300 | Depths:5 | Received a gift from Okawaru
 73351 | Depths:5 | Noticed a juggernaut
 74123 | Depths:1 | Found a roughly hewn altar of Beogh.
 74231 | Depths:5 | Killed a juggernaut
 74239 | Depths:5 | Received a gift from Okawaru
 74537 | Depths:5 | Found a gate to the Realm of Zot.
 75400 | Elf:3    | Entered Level 3 of the Elven Halls
 75446 | Elf:3    | Noticed Amnesiac's ghost (journeyman TeCj)
 75454 | Elf:3    | Killed Amnesiac's ghost
 75836 | Elf:3    | Found Pofochan's General Store.
 76082 | Elf:3    | Received a gift from Okawaru
 76414 | Elf:3    | Received a gift from Okawaru
 76623 | Elf:3    | HP: 11/224 [deep elf high priest/damnation (25)]
 76630 | Elf:3    | HP: 3/224 [deep elf high priest/divine providence (11)]
 76632 | Elf:3    | Killed from afar by a deep elf high priest

Vault maps used:
D:1:      denvon_arrival_waterhouse
D:2:      tso_metal_star, uniq_natasha
D:3:      first_bread, grunt_pakellas_mercury
D:4:      kennysheep_vampire_church, nicolae_ru_great_annihilating_truth,
          uniq_eustachio
D:5:      uniq_edmund, uniq_menkaure
D:6:      nicolae_dithmenos_the_darkroom
D:7:      minmay_misc_feat_iff, grunt_livestock, uniq_pikel, uniq_duvessa
D:8:      nicolae_overflow_hidden_temple, uniq_psyche
D:9:      kennysheep_mini_moat, serial_shops, nicolae_shop_behind_doors,
          nicolae_shop_waterfront, shop, uniq_grum
D:10:     orc_0_dummy
D:11:     lair_0_dummy, serial_shops, shop, serial_column_ruins,
          column_ruins_columns_corner, column_ruins_corridor_straight,
          column_ruins_open_medium, column_ruins_open_tiny,
          column_ruins_open_tiny
D:14:     grunt_vaults_entry_fortified, portal_ice_cave_entry_ice_beasts,
          dk_noncrumbling_3
D:15:     hangedman_depths_entry_try_elsewhere_first, minmay_misc_feat_enclosed,
          basic_altar, minmay_strange_pillars
Temple:   nicolae_temple_no_exploring_needed
Lair:2:   nicolae_swamp_entry_splash_gauntlet, grunt_megastairs_5,
          serial_bayou_shore_b
Lair:3:   grunt_megastairs_1, serial_bayou_shore_b, lemuel_fruit_tree
Lair:4:   guppyfry_snake_entry_garden
Lair:5:   minivault_27, serial_bayou_lagoon_a, minivault_11, grunt_megastairs_2,
          uniq_nessos
Lair:6:   minmay_lair_end_enchanted_forest, slime_altar_1, lab_entry_generic,
          lemuel_fruit_fields
Swamp:1:  nicolae_swamp_very_dense_foliage, uniq_donald
Swamp:2:  evilmike_swamp_ruin_house_6, swamp_pool5
Swamp:3:  evilmike_swamp_ruin_house_2
Swamp:4:  swamp_alternative, swamp_pool2, uniq_roxanne
Snake:2:  nrook_guardian_serpent_ordinary, minmay_shop_grove
Snake:3:  basic_altar
Snake:4:  snake_pit, nicolae_alphabet_shops, serial_bayou_shore_b
Orc:2:    grunt_orc_cross, nicolae_volcano_entry_s_turn, serial_shops, shop,
          mines1_david
Elf:1:    serial_shops, nicolae_shop_statue_plus, kennysheep_underground_church,
          st_stairs_11, uniq_kirke, uniq_louise
Elf:2:    st_stairs_13
Elf:3:    minmay_elf_hall_spiked, serial_shops, shop,
          nicolae_elf_glass_and_crystal_pillar_1
Vaults:1: hangedman_vaults_stream, v_pattern_3, st_spiral_rooms,
          nicolae_vaults_yaktaur_gun_rack, ontoclasm_vaults_chip,
          nicolae_vaults_little_squares_2, v_misc_8, dpeg_vaults_monster_box,
          serial_shops, shop, shop
Vaults:2: grunt_vaults_hallway_short, v_misc_33, ontoclasm_vaults_chip,
          nicolae_vaults_circle_grid_a, minmay_crypt_entry_nasty_monster,
          vaults_dpeg_hooks, hangedman_vaults_trim,
          nicolae_vaults_border_crossing, uniq_margery
Vaults:3: nicolae_vaults_network_barrier, grunt_vaults_swirl,
          nicolae_vaults_three_branches, vaults_room_grunt_arrival_checkpoint,
          dpeg_vaults_pockets_of_resistance, ontoclasm_vaults_decontamination,
          grunt_vaults_focal, v_rooms_4, nicolae_vaults_rhombus_6,
          vaults_mumra_hexcomb, vaults_room_octagon, ontoclasm_vaults_hangar,
          nicolae_vaults_circle_grid_a, ontoclasm_vaults_ring_large
Vaults:4: grunt_vaults_twisty, nicolae_vaults_statue_guard,
          hangedman_vaults_corner, hangedman_vaults_impose,
          vaults_standard_mumra_x, nicolae_vaults_circle_grid_a,
          ontoclasm_vaults_twist, vaults_mumra_minichess, v_misc_12,
          ontoclasm_vaults_loading_screen, hangedman_vaults_stitches,
          ontoclasm_vaults_hangar, serial_shops, shop
Depths:1: enter_ziggurat_e, hell_entry, rand_demon_pan_entry_3,
          grunt_decor_mini_mirrors, spider_trap, lightli_church_of_beogh,
          uniq_asterion
Depths:2: minmay_expanding_squares, hell_entry, nicolae_benzene_ring,
          minmay_staircase_windowed_large
Depths:3: hangedman_crystal_crosses_colossus, serial_shops, hell_entry,
          pan_entry
Depths:4: minmay_connected_boxes_in_corner, nicolae_sextant,
          pf_hell_entry_tar_spiral, abyss_entry_crystal
Depths:5: grunt_zot_entry_hairpin, hangedman_decor_slide_cut, hell_entry,
          argonaut_fire_from_heaven, uniq_enchantress, uniq_mennas
Volcano:  volcano_tomb

Skill      XL: |  1  2  3  4  5  6  7  8  9 10 11 12 13 14 15 16 17 18 19 20 21 22 23 24 |
---------------+-------------------------------------------------------------------------+-----
Maces & Flails | 3 4 5 6 7 8 9 10 11 12 13 14 15 16 17 18 19 20 | 20.2
Armour         | 4 5 6 7 8 9 11 12 13 14 15 16 17 18 19 | 19.8
Dodging        | 1 2 3 4 6 7 8 9 10 11 12 13 14 15 16 17 18 | 18.4
Shields        | 4 5 6 7 8 9 10 11 12 13 14 15 16 17 18 19 | 19.7
Fighting       | 4 5 6 7 8 9 10 11 12 13 14 15 16 17 18 19 20 | 20.0
Evocations     | 1 2 3 4 5 6 7 8 9 10 11 12 13 14 15 | 15.8
Invocations    | 1 3 5 6 8 9 |  9.8
Throwing       | 4 5 6 8 9 10 12 13 | 13.2

Action                   |  1- 3 |  4- 6 |  7- 9 | 10-12 | 13-15 | 16-18 | 19-21 | 22-24 || total
-------------------------+-------+-------+-------+-------+-------+-------+-------+-------++-------
Melee: Flail             |    86 |   205 |   349 |  1067 |  1966 |   194 |       |       ||  3867
       Headbutt          |    12 |    33 |    72 |   245 |   520 |   476 |   372 |   458 ||  2188
       Morningstar       |       |       |       |       |   118 |  1514 |   432 |       ||  2064
       Eveningstar       |       |       |       |       |       |       |   832 |  1383 ||  2215
Throw: Stone             |       |     4 |     4 |     7 |       |       |       |       ||    15
       Javelin           |       |       |       |    11 |     6 |    38 |    16 |   236 ||   307
       Tomahawk          |       |       |       |       |    13 |       |    29 |    10 ||    52
Invok: Heroism           |       |       |     2 |    20 |    25 |    36 |    26 |    24 ||   133
       Finesse           |       |       |       |     5 |    18 |    18 |    18 |    19 ||    78
Evoke: Wand              |       |       |       |       |       |     1 |       |     6 ||     7
       Lamp of fire      |       |       |       |       |       |       |       |     1 ||     1
  Use: Potion            |       |     1 |       |     2 |     1 |     9 |     5 |     8 ||    26
       Scroll            |       |       |     6 |    11 |    20 |     8 |     5 |     4 ||    54
 Stab: Paralysed         |       |     1 |       |       |       |       |       |       ||     1
  Eat: Chunk             |     1 |     8 |    13 |    37 |    31 |    28 |    35 |    36 ||   189
       Beef jerky        |       |       |       |     1 |       |     4 |       |     1 ||     6
       Fruit             |       |       |       |       |     2 |     9 |       |       ||    11
       Pizza             |       |       |       |       |     1 |     3 |       |       ||     4
       Bread ration      |       |       |       |       |     3 |     1 |     1 |     1 ||     6
       Meat ration       |       |       |       |       |       |       |       |     2 ||     2
       Royal jelly       |       |       |       |       |       |       |       |     1 ||     1
Armor: Scale mail        |    37 |    83 |    97 |       |       |       |       |       ||   217
       Plate armour      |       |       |    33 |   415 |   455 |   236 |   344 |   395 ||  1878
       Chain mail        |       |       |       |       |    80 |   206 |       |       ||   286
       Fire dragon armou |       |       |       |       |       |     6 |       |       ||     6
Dodge: Dodged            |    26 |    90 |   113 |   216 |   447 |   463 |   403 |   548 ||  2306
Block: Shield            |    35 |   129 |   176 |    45 |   572 |   481 |   833 |  1031 ||  3302
       Large shield      |       |       |       |   920 |   912 |  1078 |       |       ||  2910
       Reflection        |       |       |       |       |    41 |   167 |   102 |   105 ||   415
